NWL (28 & UNDER)
BALZAC RAMS @ SAN DIEGO SMASHERS
08/24/2025
 
TOP OF THE 1ST
Balzac Rams batting - Pitching for San Diego Smashers : RHP Rafael Blanco
Pitching: RHP Rafael Blanco
Batting: LHB Daniel Carter 0-0: Called Strike
0-1: Foul Ball, location: 2F
0-2: Foul Ball, location: 2F
0-2: Ball
1-2: Ball
2-2: Foul Ball, location: 2F
2-2: Hit by Pitch
Batting: RHB Enrico Ramos 0-0: Called Strike
0-1: Ball
Wild Pitch!
Daniel Carter to second
1-1: Ball
2-1: Ball
3-1: Foul Ball, location: 2F
3-2: Fly out, F8 (Line Drive, 8RD)
Runner from 2nd tags up, SAFE at 3rd, no throw
Batting: RHB Ron Glass 0-0: Swinging Strike
0-1: Ball
1-1: Ball
2-1: Swinging Strike
2-2: Ball
3-2: Foul Ball, location: 2F
3-2: SINGLE (Groundball, 4MD) (infield hit)
Daniel Carter scores
Batting: RHB Paul Spencer 0-0: Foul Ball, location: 2F
0-1: Called Strike
0-2: Ball
1-2: Ball
2-2: Foul Ball, location: 2F
2-2: Foul Ball, location: 2F
2-2: DOUBLE (Flyball, 78XD)
Ron Glass to third
Runner from 3rd tries for Home, SAFE, no throw or cutoff
Batting: LHB William Wolf 0-0: Foul Ball, location: 2F
0-1: Ball
1-1: Ball
2-1: Foul Ball, location: 2F
2-2: Fly out, F4 (Line Drive, 4)
Batting: RHB Shaun Puckett 0-0: Ball
1-0: Foul Ball, location: 2F
1-1: Foul Ball, location: 2F
1-2: Strikes out swinging
Top of the 1st over - 2 run(s), 2 hit(s), 0 error(s), 1 left on base; Balzac 2 - San Diego 0
BOTTOM OF THE 1ST
San Diego Smashers batting - Pitching for Balzac Rams : LHP Juan Jiménez
Pitching: LHP Juan Jiménez
Batting: RHB Ryan Cates 0-0: Ball
1-0: Ground out 4-3 (Groundball, 4)
Batting: RHB Jorge Collazo 0-0: Ball
1-0: Swinging Strike
1-1: Ball
2-1: Fly out, F4 (Popup, 3D)
Batting: LHB Ray Bryant 0-0: Fly out, F5 (Popup, 5S)
Bottom of the 1st over - 0 run(s), 0 hit(s), 0 error(s), 0 left on base; Balzac 2 - San Diego 0
TOP OF THE 2ND
Balzac Rams batting - Pitching for San Diego Smashers : RHP Rafael Blanco
Batting: RHB James Tucker 0-0: Ground out 6-3 (Groundball, 6)
Batting: RHB Scott Green 0-0: Hit by Pitch
Batting: RHB Curt Wagner 0-0: Ball
1-0: SINGLE (Groundball, 34S)
Scott Green to second
Runner from 2nd tries for 3rd, SAFE, throw made to third
Batting: LHB Daniel Carter 0-0: Foul Ball, location: 2F
0-1: Ball
1-1: Called Strike
1-2: Foul Ball, location: 2F
1-2: Foul Ball, location: 2F
1-2: Strikes out swinging
Batting: RHB Enrico Ramos 0-0: DOUBLE (Flyball, 7LD)
Scott Green scores
Curt Wagner to third
Runner from 3rd tries for Home, SAFE, no throw or cutoff
Batting: RHB Ron Glass 0-0: Foul Ball, location: 2F
0-1: Ball
1-1: Foul Ball, location: 2F
1-2: Ball
2-2: Ground out 6-3 (Groundball, 6M)
Top of the 2nd over - 2 run(s), 2 hit(s), 0 error(s), 1 left on base; Balzac 4 - San Diego 0
BOTTOM OF THE 2ND
San Diego Smashers batting - Pitching for Balzac Rams : LHP Juan Jiménez
Batting: RHB Griswold Coleman 0-0: SINGLE (Groundball, 6MD)
Batting: RHB Luis Martínez 0-0: Ball
1-0: Ball
2-0: Ball
3-0: Called Strike
3-1: Base on Balls
Griswold Coleman to second
Batting: RHB Ricardo Guzmán 0-0: Called Strike
0-1: Foul Ball, location: 2F
0-2: DOUBLE (Line Drive, 3D)
Griswold Coleman scores
Luis Martínez to third
Batting: LHB Jaime Icaza 0-0: Ball
1-0: Fly out, F3 (Popup, 3F)
Batting: RHB Armando Colón 0-0: Ball
1-0: Foul Ball, location: 2F
1-1: Ball
2-1: Ball
3-1: Base on Balls
Batting: RHB John Bryant 0-0: SINGLE (Line Drive, 89M)
Luis Martínez scores
Ricardo Guzmán to third
Armando Colón to second
Batting: RHB Ryan Cates 0-0: Fly out, F8 (Flyball, 8RM)
Runner from 3rd tags up, SCORES, no throw
Batting: RHB Jorge Collazo 0-0: Foul Ball, location: 2F
0-1: Ball
1-1: Swinging Strike
1-2: Ball
2-2: SINGLE (Groundball, 4D)
Armando Colón to third
John Bryant to second
Runner from 3rd tries for Home, SAFE, throw made home
John Bryant to third
Jorge Collazo to second
Batting: LHB Ray Bryant 0-0: Ball
1-0: Ball
2-0: Ball
3-0: Called Strike
3-1: Base on Balls
Batting: RHB Griswold Coleman 0-0: Called Strike
0-1: SINGLE (Groundball, 6MD)
John Bryant scores
Jorge Collazo to third
Ray Bryant to second
Runner from 3rd tries for Home, SAFE, no throw or cutoff
Batting: RHB Luis Martínez 0-0: Ball
1-0: Swinging Strike
1-1: Foul Ball, location: 2F
1-2: SINGLE (Groundball, 6MD)
Ray Bryant to third
Griswold Coleman to second
Runner from 3rd tries for Home, SAFE, throw made at trailing runner, OUT at third!
Bottom of the 2nd over - 7 run(s), 6 hit(s), 0 error(s), 1 left on base; Balzac 4 - San Diego 7
TOP OF THE 3RD
Balzac Rams batting - Pitching for San Diego Smashers : RHP Rafael Blanco
Batting: RHB Paul Spencer 0-0: Fly out, F7 (Flyball, 7LS)
Batting: LHB William Wolf 0-0: Ball
1-0: Ball
2-0: Called Strike
2-1: Foul Ball, location: 2F
2-2: Fly out, F5 (Popup, 5F)
Batting: RHB Shaun Puckett 0-0: Ball
1-0: Ball
2-0: Called Strike
2-1: Ball
3-1: Foul Ball, location: 2F
3-2: Base on Balls
Batting: RHB James Tucker 0-0: Foul Ball, location: 2F
0-1: Ball
1-1: SINGLE (Groundball, 5D)
Shaun Puckett to second
Batting: RHB Scott Green 0-0: Ball
1-0: Ball
2-0: Ground out 4-3 (Groundball, 4)
Top of the 3rd over - 0 run(s), 1 hit(s), 0 error(s), 2 left on base; Balzac 4 - San Diego 7
BOTTOM OF THE 3RD
San Diego Smashers batting - Pitching for Balzac Rams : LHP Juan Jiménez
Batting: RHB Ricardo Guzmán 0-0: Ball
1-0: Ground out 4-3 (Groundball, 13)
Batting: LHB Jaime Icaza 0-0: Called Strike
0-1: Foul Ball, location: 2F
0-2: Ground out 4-3 (Groundball, 34)
Batting: RHB Armando Colón 0-0: SINGLE (Flyball, 9LS)
Batting: RHB John Bryant 0-0: Swinging Strike
0-1: SINGLE (Popup, 34D)
Armando Colón to second
Runner from 2nd tries for 3rd, SAFE, no throw or cutoff
Batting: RHB Ryan Cates 0-0: Foul Ball, location: 2F
0-1: Called Strike
0-2: Foul Ball, location: 2F
0-2: Strikes out swinging
Bottom of the 3rd over - 0 run(s), 2 hit(s), 0 error(s), 2 left on base; Balzac 4 - San Diego 7
TOP OF THE 4TH
Balzac Rams batting - Pitching for San Diego Smashers : RHP Rafael Blanco
Batting: RHB Curt Wagner 0-0: Called Strike
0-1: DOUBLE (Groundball, 5L)
Batting: LHB Daniel Carter 0-0: Ball
1-0: Foul Ball, location: 2F
1-1: SINGLE (Flyball, 6MD)
Curt Wagner to third
Batting: RHB Enrico Ramos 0-0: Called Strike
0-1: Fly out, F2 (Popup, 2RF)
Batting: RHB Ron Glass 0-0: Ball
1-0: Ball
2-0: Grounds into double play, U6-3 (Groundball, 6M)
Top of the 4th over - 0 run(s), 2 hit(s), 0 error(s), 1 left on base; Balzac 4 - San Diego 7
BOTTOM OF THE 4TH
San Diego Smashers batting - Pitching for Balzac Rams : LHP Juan Jiménez
Batting: RHB Jorge Collazo 0-0: Fly out, F7 (Flyball, 78M)
Batting: LHB Ray Bryant 0-0: Ball
1-0: Foul Ball, location: 2F
1-1: Called Strike
1-2: Ball
2-2: Strikes out looking
Batting: RHB Griswold Coleman 0-0: SINGLE (Groundball, 34)
Pitching: RHP Richard Manley
Batting: RHB Luis Martínez 0-0: Ball
1-0: Ball
2-0: Called Strike
2-1: Called Strike
2-2: Ball
3-2: Base on Balls
Griswold Coleman to second
Batting: RHB Ricardo Guzmán 0-0: Called Strike
0-1: SINGLE (Groundball, 13) (infield hit)
Griswold Coleman to third
Luis Martínez to second
Batting: LHB Jaime Icaza 0-0: Called Strike
0-1: Ball
1-1: Ball
2-1: Ball
3-1: Base on Balls
Griswold Coleman scores
Luis Martínez to third
Ricardo Guzmán to second
Batting: RHB Armando Colón 0-0: Ball
1-0: SINGLE (Line Drive, 4D)
Luis Martínez scores
Ricardo Guzmán to third
Jaime Icaza to second
Runner from 3rd tries for Home, SAFE, no throw or cutoff
Batting: RHB John Bryant 0-0: Foul Ball, location: 2F
0-1: Ground out 5-3 (Groundball, 56S)
Bottom of the 4th over - 3 run(s), 3 hit(s), 0 error(s), 2 left on base; Balzac 4 - San Diego 10
TOP OF THE 5TH
Balzac Rams batting - Pitching for San Diego Smashers : RHP Rafael Blanco
Batting: RHB Paul Spencer 0-0: Ball
1-0: SINGLE (Flyball, 89S)
Batting: LHB William Wolf 0-0: Called Strike
0-1: Ball
1-1: Swinging Strike
1-2: Ball
2-2: Ball
3-2: Foul Ball, location: 2F
3-2: Base on Balls
Paul Spencer to second
Pitching: LHP Raymond Ritchie
Batting: RHB Shaun Puckett 0-0: Called Strike
0-1: Ball
1-1: Ball
2-1: SINGLE (Groundball, 34D)
Paul Spencer to third
William Wolf to second
Batting: RHB James Tucker 0-0: Ball
1-0: Ball
2-0: Ball
3-0: Base on Balls
Paul Spencer scores
William Wolf to third
Shaun Puckett to second
Batting: RHB Scott Green 0-0: Ball
1-0: Foul Ball, location: 2F
1-1: Foul Ball, location: 2F
1-2: Ball
2-2: Foul Ball, location: 2F
2-2: Strikes out looking
Batting: RHB Curt Wagner 0-0: Called Strike
0-1: Swinging Strike
0-2: Strikes out swinging
Batting: LHB Daniel Carter 0-0: Called Strike
0-1: Ball
1-1: SINGLE (Line Drive, 4MD)
William Wolf scores
Shaun Puckett to third
James Tucker to second
Runner from 3rd tries for Home, SAFE, throw made home
James Tucker to third
Daniel Carter to second
Batting: RHB Enrico Ramos 0-0: Called Strike
0-1: Ball
1-1: Foul Ball, location: 2F
1-2: Fly out, F9 (Line Drive, 9S)
Top of the 5th over - 3 run(s), 3 hit(s), 0 error(s), 2 left on base; Balzac 7 - San Diego 10
BOTTOM OF THE 5TH
San Diego Smashers batting - Pitching for Balzac Rams : RHP Richard Manley
Batting: RHB Ryan Cates 0-0: Hit by Pitch
Batting: RHB Jorge Collazo 0-0: Ball
1-0: Ball
Ryan Cates steals 2nd base
2-0: Ball
3-0: Base on Balls
Batting: LHB Ray Bryant 0-0: Foul Ball, location: 2F
0-1: Grounds out, U3 (Groundball, 3L)
Ryan Cates to third
Batting: RHB Griswold Coleman 0-0: Ball
1-0: Ball
2-0: Ball
Wild Pitch!
Ryan Cates scores
Jorge Collazo to third
3-0: Called Strike
3-1: Foul Ball, location: 2F
3-2: Ground out 1-3 (Groundball, 13)
Batting: RHB Luis Martínez 0-0: Ball
1-0: Ball
2-0: Foul Ball, location: 2F
2-1: Ball
3-1: Fly out, F4 (Popup, 4M)
Bottom of the 5th over - 1 run(s), 0 hit(s), 0 error(s), 1 left on base; Balzac 7 - San Diego 11
TOP OF THE 6TH
Balzac Rams batting - Pitching for San Diego Smashers : LHP Raymond Ritchie
Batting: RHB Ron Glass 0-0: Ball
1-0: Swinging Strike
1-1: SINGLE (Groundball, 56D)
Batting: RHB Paul Spencer 0-0: Called Strike
0-1: Called Strike
0-2: Foul Ball, location: 2F
0-2: Ball
1-2: Strikes out swinging
Batting: LHB William Wolf 0-0: Ball
1-0: Foul Ball, location: 2F
1-1: Ball
2-1: Ball
3-1: Called Strike
3-2: DOUBLE (Line Drive, 78M)
Ron Glass to third
Batting: RHB Shaun Puckett 0-0: Called Strike
0-1: Foul Ball, location: 2F
0-2: Ball
1-2: Ball
2-2: Strikes out swinging
Pitching: LHP Geoff Williams
Batting: RHB James Tucker 0-0: Called Strike
0-1: Ball
1-1: Ball
2-1: Ball
3-1: Swinging Strike
3-2: Strikes out swinging
Top of the 6th over - 0 run(s), 2 hit(s), 0 error(s), 2 left on base; Balzac 7 - San Diego 11
BOTTOM OF THE 6TH
San Diego Smashers batting - Pitching for Balzac Rams : RHP Richard Manley
Pitching: RHP John Wells
Batting: RHB Ricardo Guzmán 0-0: Ball
1-0: Ball
2-0: Ball
3-0: Called Strike
3-1: Foul Ball, location: 2F
3-2: Base on Balls
Batting: LHB Jaime Icaza 0-0: Ball
Ricardo Guzmán is caught stealing 2nd base
1-0: Ball
2-0: Called Strike
2-1: Foul Ball, location: 2F
2-2: Strikes out swinging
Batting: RHB Armando Colón 0-0: Called Strike
0-1: Ball
1-1: Ball
2-1: Ball
3-1: Foul Ball, location: 2F
3-2: Foul Ball, location: 2F
3-2: Base on Balls
Batting: RHB John Bryant 0-0: DOUBLE (Line Drive, 78M)
Armando Colón to third
Batting: RHB Ryan Cates 0-0: Called Strike
0-1: Swinging Strike
0-2: Ball
1-2: SINGLE (Line Drive, 8LS)
Armando Colón scores
John Bryant to third
Runner from 3rd tries for Home, SAFE, no throw or cutoff
Batting: RHB Jorge Collazo 0-0: Ball
Ryan Cates steals 2nd base
1-0: Fly out, F9 (Flyball, 89M)
Bottom of the 6th over - 2 run(s), 2 hit(s), 0 error(s), 1 left on base; Balzac 7 - San Diego 13
TOP OF THE 7TH
Balzac Rams batting - Pitching for San Diego Smashers : LHP Geoff Williams
Batting: RHB Scott Green 0-0: Ground out 5-3 (Groundball, 5L)
Batting: RHB Curt Wagner 0-0: Ball
1-0: Swinging Strike
1-1: Foul Ball, location: 2F
1-2: Foul Ball, location: 2F
1-2: Strikes out swinging
Batting: LHB Daniel Carter 0-0: SINGLE (Groundball, 34D) (infield hit)
Batting: RHB Enrico Ramos 0-0: Fly out, F9 (Flyball, 9M)
Top of the 7th over - 0 run(s), 1 hit(s), 0 error(s), 1 left on base; Balzac 7 - San Diego 13
BOTTOM OF THE 7TH
San Diego Smashers batting - Pitching for Balzac Rams : RHP John Wells
Batting: LHB Ray Bryant 0-0: Ball
1-0: Called Strike
1-1: Ball
2-1: Swinging Strike
2-2: Ground out 4-3 (Groundball, 4)
Batting: RHB Griswold Coleman 0-0: Foul Ball, location: 2F
0-1: Ball
1-1: Ball
2-1: Called Strike
2-2: Ball
3-2: SINGLE (Line Drive, 89S)
Batting: RHB Luis Martínez 0-0: Ball
1-0: Ball
2-0: Foul Ball, location: 2F
2-1: Hit by Pitch
Griswold Coleman to second
Batting: RHB Ricardo Guzmán 0-0: SINGLE (Flyball, 6MD)
Griswold Coleman to third
Luis Martínez to second
Batting: LHB Jaime Icaza 0-0: Ball
1-0: Fly out, F6 (Popup, 5D)
Batting: RHB Armando Colón 0-0: Foul Ball, location: 2F
0-1: Ball
1-1: Ball
2-1: Ball
3-1: Foul Ball, location: 2F
3-2: Base on Balls
Griswold Coleman scores
Luis Martínez to third
Ricardo Guzmán to second
Pitching: RHP Steve Deal
Batting: RHB John Bryant 0-0: Foul Ball, location: 2F
0-1: Ball
1-1: Foul Ball, location: 2F
1-2: Foul Ball, location: 2F
1-2: Ball
2-2: Strikes out swinging
Bottom of the 7th over - 1 run(s), 2 hit(s), 0 error(s), 3 left on base; Balzac 7 - San Diego 14
TOP OF THE 8TH
Balzac Rams batting - Pitching for San Diego Smashers : LHP Geoff Williams
Batting: RHB Ron Glass 0-0: Foul Ball, location: 2F
0-1: Swinging Strike
0-2: Foul Ball, location: 2F
0-2: Foul Ball, location: 2F
0-2: Ball
1-2: Ball
2-2: Ball
3-2: Base on Balls
Batting: RHB Paul Spencer 0-0: Ball
1-0: Called Strike
1-1: Swinging Strike
1-2: Fly out, F9 (Flyball, 89S)
Batting: LHB William Wolf 0-0: Called Strike
0-1: TRIPLE (Flyball, 8LXD)
Ron Glass scores
Batting: RHB Shaun Puckett 0-0: Called Strike
0-1: Foul Ball, location: 2F
0-2: Ball
1-2: Ground out 6-3 (Groundball, 6)
William Wolf scores
Batting: RHB James Tucker 0-0: SINGLE (Line Drive, 6)
Batting: RHB Scott Green 0-0: Ball
1-0: Ball
2-0: Swinging Strike
2-1: Called Strike
2-2: Strikes out swinging
Top of the 8th over - 2 run(s), 2 hit(s), 0 error(s), 1 left on base; Balzac 9 - San Diego 14
BOTTOM OF THE 8TH
San Diego Smashers batting - Pitching for Balzac Rams : RHP Steve Deal
Batting: RHB Ryan Cates 0-0: Swinging Strike
0-1: Called Strike
0-2: Foul Ball, location: 2F
0-2: Strikes out swinging
Batting: RHB Jorge Collazo 0-0: Ball
1-0: Ball
2-0: Foul Ball, location: 2F
2-1: Fly out, F9 (Flyball, 9M)
Batting: LHB Ray Bryant 0-0: Called Strike
0-1: Ball
1-1: Ball
2-1: Fly out, F9 (Flyball, 89D)
Bottom of the 8th over - 0 run(s), 0 hit(s), 0 error(s), 0 left on base; Balzac 9 - San Diego 14
TOP OF THE 9TH
Balzac Rams batting - Pitching for San Diego Smashers : LHP Geoff Williams
Now at 1B: Bill Savage
Batting: RHB Curt Wagner 0-0: Ball
1-0: Foul Ball, location: 2F
1-1: Ball
2-1: Foul Ball, location: 2F
2-2: Strikes out swinging
Batting: LHB Daniel Carter 0-0: Called Strike
0-1: Called Strike
0-2: Ball
1-2: Ball
2-2: Ball
3-2: Fly out, F8 (Flyball, 8RM)
Batting: RHB Enrico Ramos 0-0: Ball
1-0: Ball
2-0: Swinging Strike
2-1: Foul Ball, location: 2F
2-2: Foul Ball, location: 2F
2-2: Strikes out swinging
Top of the 9th over - 0 run(s), 0 hit(s), 0 error(s), 0 left on base; Balzac 9 - San Diego 14
This league is powered by Out of the Park Baseball, the baseball management simulation game for PC, Mac and Linux
Tuesday, August 2nd, 2016 - OOTP Baseball 16.8 Build 38